 Dungeon Crawl Stone Soup version 0.18.1-8-gdd0e5ea (webtiles) character file.

647 GeneralIdiocy the Skirmisher (level 7, -6/58 HPs)
             Began as a Demonspawn Monk on June 4, 2016.
             Was a Priest of Okawaru.
             Mangled by an ogre
             ... wielding a +0 giant club
              (24 damage)
             ... on level 4 of the Dungeon.
             The game lasted 00:07:06 (5148 turns).

GeneralIdiocy the Skirmisher (Demonspawn Monk)      Turns: 5148, Time: 00:07:07

Health: -6/58      AC:  4    Str: 13    XL:     7   Next: 27%
Magic:  7/7        EV: 12    Int: 11    God:    Okawaru [***...]
Gold:   208        SH:  0    Dex: 16    Spells: 0 memorised, 6 levels left

rFire  . . .     SeeInvis .     l - +0 war axe
rCold  . . .     Gourm    .     b - +0 leather armour (curse)
rNeg   . . .     Faith    .     (no shield)
rPois  .         Spirit   .     (no helmet)
rElec  .         Dismiss  .     (no cloak)
rCorr  .         Reflect  .     s - +0 pair of gloves
SustAt .         Harm     .     (no boots)
MR     .....                    (no amulet)
Stlth  ++........               (no ring)
                                (no ring)

@: not resistant to hostile enchantments, unstealthy
A: talons 2, powered by pain 1
a: Heroism, Renounce Religion


You were on level 4 of the Dungeon.
You worshipped Okawaru.
Okawaru was most pleased with you.
You were not hungry.

You visited 1 branch of the dungeon, and saw 4 of its levels.

You collected 208 gold pieces.

Inventory:

Hand Weapons
 l - a +0 war axe (weapon)
Missiles
 v - 3 exploding tomahawks (quivered)
Armour
 a - a +0 robe
 b - a cursed +0 leather armour (worn)
 s - a +0 pair of gloves (worn)
Jewellery
 u - an uncursed ring of flight {unknown}
Scrolls
 c - 3 scrolls of fog {unknown}
 d - a scroll of immolation {unknown}
 e - 2 scrolls of enchant armour {unknown}
 h - a scroll of remove curse {unknown}
 j - a scroll of fear {unknown}
 m - a scroll of magic mapping {unknown}
 o - 2 scrolls of identify {unknown}
 x - a scroll of amnesia {unknown}
 y - a scroll of noise {unknown}
Potions
 f - 3 potions of flight {unknown}
 g - a potion of resistance {unknown}
 i - a potion of mutation {unknown}
 k - 2 potions of heal wounds {unknown}
 n - 2 potions of cure mutation {unknown}
 r - a potion of lignification {unknown}
 t - a potion of curing {unknown}
 w - a potion of haste {unknown}
Books
 q - a book of Spatial Translocations

   Spells                             Type                      Level
   a - Apportation                    Translocation                1
   b - Blink                          Translocation                2
   c - Shroud of Golubria             Charms/Translocation         2
   d - Portal Projectile              Translocation                3
   e - Teleport Other                 Translocation                3
   f - Passage of Golubria            Translocation                4
Comestibles
 p - a bread ration


   Skills:
 - Level 6.0 Fighting
 * Level 4.1 Axes
 + Level 3.0 Armour
 - Level 2.6 Dodging
 - Level 1.7 Stealth
 - Level 3.6 Unarmed Combat


You had 6 spell levels left.
You didn't know any spells.

Dungeon Overview and Level Annotations

Branches:
Dungeon (4/15)             Temple (0/1) D:4

Altars:
Elyvilon
Fedhas
Kikubaaqudgha
Makhleb
Nemelex Xobeh
Okawaru
Sif Muna
Trog
Vehumet
Yredelemnul
Zin
The Shining One


Innate Abilities, Weirdness & Mutations

You have razor-sharp toenails.
You sometimes gain a little power by taking damage.


Message History

You found a teleport trap!
Found 13 sling bullets.
You see here 13 sling bullets.
An ogre comes into view. It is wielding a giant club.
The ogre shouts!
A worker ant comes into view.
There are monsters nearby!
A giant newt comes into view.
You see here 13 sling bullets.
All of the chunks of flesh in your inventory have rotted away.
You hit the ogre.
The ogre is lightly wounded.
The ogre hits you with a giant club!!
You hit the ogre.
The ogre is moderately wounded.
The ogre hits you with a giant club!!
You slash the ogre! You claw the ogre, but do no damage.
The ogre is heavily wounded.
The ogre hits you with a giant club!!
You die...

##### #...# .. ##+#####...#
... #......#...####.....
#......#............
###.....O(.#O........#
#........###@........#
#........# #.........#
.........# #.........#
.........# #.........#
.........# #^........#
.a$......# #.........#
.l......$# #.........#
....########.........#######
#....>.....####........


You could see an ogre.

Vanquished Creatures
  Sigmund (D:4)
  Blork the orc (D:4)
  A centaur skeleton (D:4)
  An orc wizard (D:3)
  2 orc priests (D:2)
  Jessica (D:2)
  Natasha (twice) (D:3)
  3 worker ants (D:4)
  4 gnolls
  3 adders (D:2)
  An ooze (D:3)
  2 worms
  3 dart slugs
  2 giant geckos
  12 orcs
  5 giant cockroaches
  5 goblins
  5 hobgoblins
  3 jackals (D:3)
  9 kobolds
  A quokka (D:3)
  8 bats
  8 giant newts
  6 rats
89 creatures vanquished.

Notes
Turn   | Place    | Note
--------------------------------------------------------------
     0 | D:1      | GeneralIdiocy the Demonspawn Monk began the quest for the Orb.
     0 | D:1      | Reached XP level 1. HP: 18/18 MP: 1/1
   223 | D:1      | Found a sparkling altar of Nemelex Xobeh.
   239 | D:1      | Gained mutation: You have sharp toenails. [demonic ancestry]
   239 | D:1      | Reached XP level 2. HP: 20/24 MP: 2/2
   747 | D:2      | Noticed Jessica
   753 | D:2      | Killed Jessica
   753 | D:2      | Reached skill level 4 in Fighting
   753 | D:2      | Reached XP level 3. HP: 24/31 MP: 3/3
  1437 | D:2      | Found a deep blue altar of Sif Muna.
  1484 | D:2      | Reached skill level 5 in Fighting
  1484 | D:2      | Reached XP level 4. HP: 17/39 MP: 4/4
  2660 | D:3      | Gained mutation: You sometimes gain a little power by taking damage. [demonic ancestry]
  2660 | D:3      | Reached XP level 5. HP: 22/46 MP: 5/5
  3005 | D:3      | Reached skill level 6 in Fighting
  3390 | D:2      | Reached skill level 1 in Axes
  3390 | D:2      | Reached skill level 1 in Armour
  3717 | D:3      | Found an ancient bone altar of Kikubaaqudgha.
  3717 | D:3      | Found a sparkling altar of Nemelex Xobeh.
  3882 | D:3      | Gained mutation: You have razor-sharp toenails. [demonic ancestry]
  3882 | D:3      | Reached XP level 6. HP: 25/52 MP: 6/6
  4098 | D:3      | Found a glowing golden altar of the Shining One.
  4099 | D:3      | Found a basalt altar of Yredelemnul.
  4099 | D:3      | Found a blossoming altar of Fedhas.
  4099 | D:3      | Found a bloodstained altar of Trog.
  4100 | D:3      | Found a white marble altar of Elyvilon.
  4100 | D:3      | Found a burning altar of Makhleb.
  4101 | D:3      | Found a radiant altar of Vehumet.
  4189 | D:3      | Found an iron altar of Okawaru.
  4220 | D:3      | Became a worshipper of Warmaster Okawaru
  4220 | D:3      | Reached * piety under Okawaru
  4220 | D:3      | Reached ** piety under Okawaru
  4227 | D:3      | Found a glowing silver altar of Zin.
  4278 | D:3      | Noticed Natasha
  4283 | D:3      | Killed Natasha
  4400 | D:3      | Noticed Natasha
  4409 | D:3      | Killed Natasha
  4791 | D:4      | Noticed Blork the orc
  4796 | D:4      | Killed Blork the orc
  4842 | D:4      | Noticed Sigmund
  4851 | D:4      | Killed Sigmund
  4851 | D:4      | Reached *** piety under Okawaru
  4851 | D:4      | Reached XP level 7. HP: 58/58 MP: 7/7
  4863 | D:4      | Found a staircase to the Ecumenical Temple.
  5148 | D:4      | Mangled by an ogre

Skill      XL: |  1  2  3  4  5  6  7 |
---------------+----------------------+-----
Fighting       | 4 5 6 |  6.0
Axes           | 1 3 4 |  4.1
Armour         | 1 2 3 |  3.0
Dodging        | |  2.6
Stealth        | |  1.7
Unarmed Combat | |  3.6

Action                   |  1- 3 |  4- 6 |  7- 9 || total
-------------------------+-------+-------+-------++-------
Melee: Unarmed           |   123 |    95 |       ||   218
       Punch             |     4 |     5 |       ||     9
       Kick              |    23 |    56 |     9 ||    88
       War axe           |       |   127 |    21 ||   148
 Stab: Sleeping          |     4 |     4 |     1 ||     9
       Distracted        |       |     1 |       ||     1
  Eat: Chunk             |     1 |     7 |     1 ||     9
       Bread ration      |       |     1 |       ||     1
Armor: Robe              |    21 |     4 |       ||    25
       Leather armour    |       |    44 |     5 ||    49
Dodge: Dodged            |    91 |   155 |     8 ||   254
